 Dungeon Crawl Stone Soup version 0.29-a0-1023-g6ae1a4a2c7 (webtiles) character file.

Game seed: 8517455875306409455

608 spaghetti the Trooper (level 7, -3/102 HPs)
             Began as an Ogre Chaos Knight on Aug 11, 2022.
             Was a Plaything of Xom.
             Splashed by a jelly's acid (8 damage)
             ... on level 5 of the Dungeon.
             The game lasted 00:09:08 (4829 turns).

spaghetti the Trooper (Ogre Chaos Knight)           Turns: 4829, Time: 00:09:09

Health: -3/102     AC: -11   Str: 15 (17) XL:     7   Next: 43%
Magic:  10/12      EV:  9    Int: 15      God:    Xom [...*..]
Gold:   203        SH:  4    Dex:  6      Spells: 6/12 levels left

rFire   . . .      SeeInvis .   e - +1 dagger (venom) {short}
rCold   . . .      Faith    .   (no shield)
rNeg    . . .      Spirit   .   a - +2 robe
rPois   .          Reflect  .   (helmet restricted)
rElec   .          Harm     .   (no cloak)
rCorr   .          Rampage  .   (gloves unavailable)
Will    .....                   (boots unavailable)
Stlth   ..........              (no amulet)
HPRegen 0.27/turn               (no ring)
MPRegen 0.13/turn               (no ring)

@: berserking (expiring), corroded, very quick
A: large, unfitting armour, tough skin 1, large bone plates 1, clumsy 1,
deterioration 1, frail 1, inability to read while threatened 1
a: Renounce Religion


You were on level 5 of the Dungeon.
You worshipped Xom.
You were a favourite toy of Xom.
You visited 1 branch of the dungeon, and saw 6 of its levels.

You collected 203 gold pieces.


Innate Abilities, Weirdness & Mutations

You are too large for most types of armour.
You have tough skin. (AC +1)
You are partially covered in large bone plates. (SH +4)
You are clumsy. (Dex -2)
Your body sometimes deteriorates upon taking damage.
You are frail. (-10% HP)
You occasionally lose the ability to read scrolls when taking damage.


   Skills:
 + Level 6.3 Fighting
 - Level 2.1 Dodging
 + Level 4.3 Unarmed Combat
 + Level 3.4 Spellcasting
 + Level 2.8 Conjurations
 + Level 1.5 Transmutations
 + Level 1.5 Poison Magic


You had 6 spell levels left.
You knew the following spells:

 Your Spells              Type           Power      Damage    Failure   Level
a - Magic Dart            Conj           44%        1d5       6%          1
b - Wereblood             Tmut           7%         N/A       16%         2
c - Spider Form           Tmut/Pois      7%         N/A       30%         3

Your spell library contained the following spells:

 Spells                   Type           Power      Damage    Failure   Level
 Beastly Appendage        Tmut           14%        N/A       11%         1
 Sting                    Tmut/Pois      28%        1d4       11%         1
 Poisonous Vapours        Pois/Air       8%         N/A       22%         2
 Olgreb's Toxic Radiance  Pois           7%         N/A       71%         4

Inventory:

Hand Weapons
 e - a +1 dagger of venom (weapon) {short}
   (You took it off a goblin on level 1 of the Dungeon)
Missiles
 c - 7 poisoned darts {throwing}
 f - 19 stones {throwing}
 o - a large rock {=fthrowing}
Armour
 a - a +2 robe (worn)
Magical Staves
 i - a staff of fire {!astaff}
   (You found it on level 1 of the Dungeon)
Scrolls
 k - a scroll of blinking {!r}
 l - a scroll of teleportation {@r4}
 m - 2 scrolls of silence {!r}
 r - a scroll of butterflies
 u - a scroll of vulnerability {!r!r}
 v - a scroll of torment {!r}
Potions
 d - a potion of flight
 g - 3 potions of curing {@q1}
 p - a potion of lignification {unknown}
 s - a potion of degeneration {unknown}
Miscellaneous
 b - a piece from Xom's chessboard (15/15)

Dungeon Overview and Level Annotations

Branches:
Dungeon (6/15) Zot: 26140  Temple (0/1) D:4

Altars:
Elyvilon
Uskayaw
Xom
Zin

############# #....#......#
#....#......# #....'......#
##### ##...##.<..[#
......##...##.....# #.....
......J@<...#.....# +.....
......#.....#.....# #.....
...... #.....#.....# #.....
...... ##....#.....#
#..!..##...... ##....#.....#
#...............<...######+#
....................##.....#
>......?...... ............#
##+##############....>.....#


You could see a jelly (extremely poisoned).


Message History

You hit the jelly.
Your hands burn!
The jelly hits you.
* * * LOW HITPOINT WARNING * * *
You are splashed with acid.
* * * LOW HITPOINT WARNING * * *
😨 HP[-13]
You take 13 damage, and now have 28/68 hp.
You hit the jelly but do no damage.
Your hands burn!
* * * LOW HITPOINT WARNING * * *
The jelly hits you.
* * * LOW HITPOINT WARNING * * *
The acid corrodes you!
You are splashed with acid!
* * * LOW HITPOINT WARNING * * *
Your body deteriorates!
You feel weakened. 😱 HP[-16]
You take 16 damage, and now have 12/68 hp.
MASSIVE DAMAGE!! (PAUSE) Unknown command.
Okay, then.
Throw: 3 large rocks {=fthrowing}
Press: ? - help, Shift-Dir - straight line, f - jelly
Aim: a jelly (moderately wounded, very poisoned, 89% to hit)
You throw a large rock {=fthrowing}. You block the jelly's attack.
The jelly hits you.
* * * LOW HITPOINT WARNING * * *
You are splashed with acid!
* * * LOW HITPOINT WARNING * * *
😱 HP[-8]
You take 8 damage, and now have 4/68 hp.
Throw: 2 large rocks {=fthrowing}
Press: ? - help, Shift-Dir - straight line, f - jelly
Aim: a jelly (moderately wounded, very poisoned, 89% to hit)
You throw a large rock {=fthrowing}.
The large rock {=fthrowing} hits the jelly but does no damage.
The jelly closely misses you. The jelly barely misses you.
You feel much better.
The jelly closely misses you. 😨 HP[+30] MP[+1]
You regained 30 hp, and now have 34/68 hp.
You feel much better. The jelly barely misses you. 😕 HP[+23]
You regained 23 hp, and now have 57/68 hp.
Really quaff
q - a potion of berserk rage {!q}?
A red film seems to cover your vision as you go berserk!
You feel yourself moving faster!
You feel mighty! The jelly hits you.
You are splashed with acid! 😮 HP[+17]
You now have 102 max hp (+34).
You regained 17 hp, and now have 74/102 hp.
A jelly is nearby!
You hit the jelly but do no damage.
The jelly looks even sicker.
Your hands burn! 😮 HP[-4]
You take 4 damage, and now have 70/102 hp.
You hit the jelly but do no damage.
Your hands burn!
The jelly barely misses you. 😮 HP[-4]
You take 4 damage, and now have 66/102 hp.
You hit the jelly but do no damage.
Your hands burn! 😮 HP[-4]
You take 4 damage, and now have 62/102 hp.
You hit the jelly but do no damage.
Your hands burn!
The jelly hits you. The acid corrodes you!
You are splashed with acid!
* * * LOW HITPOINT WARNING * * *
😨 HP[-13]
You take 13 damage, and now have 49/102 hp.
You hit the jelly.
Your hands burn!
* * * LOW HITPOINT WARNING * * *
The jelly hits you.
* * * LOW HITPOINT WARNING * * *
You are splashed with acid!
* * * LOW HITPOINT WARNING * * *
😨 HP[-17]
You take 17 damage, and now have 32/102 hp.
You hit the jelly.
Your hands burn!
* * * LOW HITPOINT WARNING * * *
The jelly barely misses you. 😨 HP[-5]
You take 5 damage, and now have 27/102 hp.
You hit the jelly but do no damage. The acid corrodes you!
Your hands burn!
* * * LOW HITPOINT WARNING * * *
😱 HP[-5]
You take 5 damage, and now have 22/102 hp.
You hit the jelly.
The jelly looks as sick as possible!
Your hands burn!
* * * LOW HITPOINT WARNING * * *
The jelly hits you.
* * * LOW HITPOINT WARNING * * *
You are splashed with acid.
* * * LOW HITPOINT WARNING * * *
😱 HP[-10] MP[+1]
You take 10 damage, and now have 12/102 hp.
You barely miss the jelly.
You almost hear Xom's maniacal laughter.
Nothing appears to happen...
Ominous!
Unknown command.
You hit the jelly but do no damage. The acid corrodes you!
Your hands burn!
* * * LOW HITPOINT WARNING * * *
The jelly hits you.
* * * LOW HITPOINT WARNING * * *
You are splashed with acid!
You die...
Xom thinks this is hilarious!

Skill      XL: |  1  2  3  4  5  6 |
---------------+-------------------+-----
Unarmed Combat | 3 4 |  4.3
Spellcasting   | 1 2 3 |  3.4
Conjurations   | 1 2 |  2.8
Fighting       | 5 6 |  6.3
Transmutations | 1 |  1.5
Poison Magic   | 1 |  1.5
Dodging        | |  2.1

Action                   |  1- 3 |  4- 6 |  7- 9 || total
-------------------------+-------+-------+-------++-------
Melee: Unarmed           |   121 |       |       ||   121
       Punch             |     2 |     5 |     2 ||     9
       Dagger            |    18 |   148 |    53 ||   219
Throw: Stone             |     3 |       |       ||     3
       Large rock        |       |       |     2 ||     2
 Cast: Magic Dart        |    36 |    59 |    21 ||   116
  Use: Scroll            |     4 |     7 |     1 ||    12
       Potion            |       |     8 |     4 ||    12
Armor: Robe              |    82 |    71 |    10 ||   163
Dodge: Dodged            |   103 |    92 |    46 ||   241
Block: Other             |       |    20 |     7 ||    27

Levels and vault maps discovered:
D:1:      lightli_arrival_chessboard, layout_loops_cross, serial_rivers,
          chequers_serial_rivers_room_b, chequers_serial_rivers_marsh,
          chequers_serial_rivers_marsh, chequers_serial_rivers_micro_e,
          shapermc_ecumenical_altar_rom_forum, grunt_decor_clamped
D:2:      layout_rooms, minmay_tetromino_i4
D:3:      layout_basic
D:4:      minmay_clustersquares, layout_basic, grunt_temple_overflow_open,
          minmay_temple_entry_proselytizer
D:5:      layout_gridville
D:6:      layout_basic, mainiacjoe_overflow_surrounded_room,
          grunt_decor_arrowhead, kennysheep_flooded_box, uniq_duvessa

Notes
Turn   | Place    | Note
-------+----------+-------------------------------------------
     0 | D:1      | spaghetti the Ogre Chaos Knight began the quest for the
                  | Orb.
     0 | D:1      | Reached XP level 1. HP: 24/24 MP: 1/1
     0 | D:1      | magus.rc [v1.9.6]
    68 | D:1      | XOM: silly message
   113 | D:1      | Found a faded altar of an unknown god.
   136 | D:1      | Reached skill level 3 in Unarmed Combat
   136 | D:1      | Reached XP level 2. HP: 17/33 MP: 2/2
   224 | D:1      | XOM: silly message
   275 | D:1      | Got Plato's Volume of Conflict
   278 | D:1      | Learned a level 1 spell: Magic Dart
   638 | D:1      | Reached XP level 3. HP: 40/40 MP: 1/3
   815 | D:1      | XOM: divination: magic mapping
  1032 | D:1      | XOM: divination: detect items
  1091 | D:1      | XOM is BORED!
  1091 | D:1      | XOM: 6-stop teleportation journey
  1204 | D:1      | XOM: divination: magic mapping
  1409 | D:1      | XOM: summons 3 hostile shadow creatures
  1516 | D:2      | Reached skill level 1 in Spellcasting
  1522 | D:2      | XOM: give mutation
  1522 | D:2      | Gained mutation: You occasionally lose the ability to read
                  | scrolls when taking damage. [Xom's mischief]
  1562 | D:2      | XOM: noise
  1588 | D:2      | XOM: give mutations
  1588 | D:2      | Gained mutation: Your body sometimes deteriorates upon
                  | taking damage. [Xom's mischief]
  1588 | D:2      | Gained mutation: You occasionally lose the ability to drink
                  | potions when taking damage. [Xom's mischief]
  1588 | D:2      | Gained mutation: You are weak. (Str -2) [Xom's mischief]
  1709 | D:2      | XOM: silly message
  1783 | D:2      | XOM: destruction
  1997 | D:2      | Reached skill level 1 in Conjurations
  2013 | D:2      | XOM is BORED!
  2041 | D:2      | Reached XP level 4. HP: 47/49 MP: 5/5
  2387 | D:3      | Found the +3 pair of seven-league boots {Rampage+∞}
  2400 | D:3      | Reached skill level 5 in Fighting
  2804 | D:4      | Found a white marble altar of Elyvilon.
  2806 | D:4      | Found a hide-covered altar of Uskayaw.
  2810 | D:4      | Found a glowing silver altar of Zin.
  2810 | D:4      | Noticed a scorpion
  2817 | D:4      | Killed a scorpion
  2818 | D:4      | Reached skill level 2 in Spellcasting
  2818 | D:4      | Reached XP level 5. HP: 55/57 MP: 2/8
  2841 | D:4      | XOM: 2-stop teleportation journey
  2887 | D:4      | XOM: stat loss: -1 Int (14/15)
  3040 | D:4      | Found a staircase to the Ecumenical Temple.
  3051 | D:4      | XOM: noise
  3055 | D:4      | Reached skill level 2 in Conjurations
  3055 | D:4      | Lost mutation: You occasionally lose the ability to drink
                  | potions when taking damage. [potion of mutation]
  3055 | D:4      | Lost mutation: You are weak. (Str -2) [potion of mutation]
  3055 | D:4      | Lost mutation: You occasionally lose the ability to read
                  | scrolls when taking damage. [potion of mutation]
  3055 | D:4      | Gained mutation: You are weak. (Str -2) [potion of
                  | mutation]
  3055 | D:4      | Gained mutation: You are partially covered in large bone
                  | plates. (SH +4) [potion of mutation]
  3161 | D:4      | Reached XP level 6. HP: 66/66 MP: 4/9
  3202 | D:4      | You add the spells Sting, Poisonous Vapours and Olgreb's
                  | Toxic Radiance to your library.
  3373 | D:4      | You pick up a book of Changes and begin reading...
  3373 | D:4      | You add the spells Beastly Appendage, Wereblood and Spider
                  | Form to your library.
  3459 | D:4      | Learned a level 2 spell: Wereblood
  3463 | D:4      | Learned a level 3 spell: Spider Form
  3528 | D:4      | XOM: silly message
  3615 | D:4      | XOM: give mutations
  3615 | D:4      | Gained mutation: You are frail. (-10% HP) [Xom's mischief]
  3615 | D:4      | Gained mutation: You are clumsy. (Dex -2) [Xom's mischief]
  3615 | D:4      | Lost mutation: You are weak. (Str -2) [Xom's mischief]
  3615 | D:4      | Gained mutation: You occasionally lose the ability to read
                  | scrolls when taking damage. [Xom's mischief]
  3627 | D:4      | Reached skill level 4 in Unarmed Combat
  3773 | D:4      | XOM: confusion
  3779 | D:4      | XOM: scenery: create altars
  3811 | D:5      | Entered Level 5 of the Dungeon
  3965 | D:5      | Noticed a black bear
  3965 | D:5      | Noticed a black bear
  3965 | D:5      | XOM: 7-stop teleportation journey
  4152 | D:6      | Noticed a black bear
  4162 | D:6      | XOM: enchant monster (good)
  4179 | D:6      | Reached skill level 6 in Fighting
  4179 | D:6      | Reached skill level 3 in Spellcasting
  4179 | D:6      | Reached skill level 1 in Transmutations
  4179 | D:6      | Reached skill level 1 in Poison Magic
  4179 | D:6      | Reached XP level 7. HP: 58/67 MP: 8/11
  4397 | D:6      | XOM: smoke on damage
  4482 | D:6      | XOM: cleaving
  4485 | D:6      | XOM: fog
  4485 | D:6      | HP: 15/67 [white imp (4)]
  4486 | D:6      | XOM: blink monster(s)
  4486 | D:6      | HP: 4/67 [white imp/puff of frost (6)]
  4814 | D:5      | HP: 12/68 [acid (8)]
  4815 | D:5      | HP: 4/68 [acid (7)]
  4826 | D:5      | HP: 22/102 [acid (5)]
  4828 | D:5      | XOM: silly message
  4829 | D:5      | HP: 7/102 [acid (5)]
  4829 | D:5      | Splashed by a jelly's acid

Vanquished Creatures
  An orc warrior (D:6)
  A black bear (D:6)
  2 scorpions (D:4)
  A hound (D:6)
  An orc priest (D:4)
  3 orc wizards
  7 adders
  An ufetubus (D:4)
  A dart slug (D:4)
  12 orcs
  9 bats
  7 endoplasms
  4 giant cockroaches
  3 goblins
  3 hobgoblins
  6 jackals
  5 quokkas
  10 ball pythons
  3 frilled lizards (D:1)
  7 kobolds
  2 rats
89 creatures vanquished.

Vanquished Creatures (others)
  A ball python (D:2)
  A frilled lizard (D:2)
  3 fungi (D:1)
  A plant (D:1)
6 creatures vanquished.

Grand Total: 95 creatures vanquished

Table legend:
 A = Non-vault XP
 B = Vault XP
 C = Vault XP percentage of total XP
 D = Non-vault monster count
 E = Vault monster count
 F = Vault count percentage of total count
                 A         B        C        D         E       F
            +---------+---------+-------+---------+---------+-------
      Total |     665 |     204 |  23.5 |      77 |      12 |  13.5
            +---------+---------+-------+---------+---------+-------
        D:1 |      51 |       0 |   0.0 |      31 |       0 |   0.0
        D:2 |      21 |      18 |  46.2 |      11 |       4 |  26.7
        D:3 |      71 |       0 |   0.0 |      13 |       0 |   0.0
        D:4 |     131 |     186 |  58.7 |       9 |       8 |  47.1
        D:5 |      72 |       0 |   0.0 |       6 |       0 |   0.0
        D:6 |     319 |       0 |   0.0 |       7 |       0 |   0.0
            +---------+---------+-------+---------+---------+-------

Illustrated notes

Table legend:
 A = Kills in this place as a percentage of kills in entire the game.
 B = Kills by you in this place as a percentage of kills by you in the entire game.
 C = Kills by friends in this place as a percentage of kills by friends in the entire game.
 D = Other kills in this place as a percentage of other kills in the entire game.
 E = Experience gained in this place as a percentage of experience gained in the entire game.
 F = Experience gained in this place divided by the number of levels of this place that you have seen.
                   A       B       C       D       E      F
               +-------+-------+-------+-------+-------+----------------------
         Total | 100.0 | 100.0 |   N/A |   N/A | 100.0 | 144.8
       Dungeon | 100.0 | 100.0 |   N/A |   N/A | 100.0 | 144.8
               +-------+-------+-------+-------+-------+----------------------

Table legend: (Time is in decaauts)
 A = Elapsed time spent in this place.
 B = Non-inter-level travel time spent in this place.
 C = Inter-level travel time spent in this place.
 D = Time resting spent in this place.
 E = Time spent auto-exploring this place.
 F = Levels seen in this place.
 G = Mean time per level.
                   A        B        C        D        E       F      G
               +--------+--------+--------+--------+--------+-----+--------+
         Total |   4833 |   4755 |     78 |    154 |   3764 |   6 |  805.5 |
       Dungeon |   4833 |   4755 |     78 |    154 |   3764 |   6 |  805.5 |
               +--------+--------+--------+--------+--------+-----+--------+

Top non-repeatable levels by time:
     D:1: 1415 daAuts
     D:4: 1031 daAuts
     D:2: 805 daAuts
     D:3: 553 daAuts
     D:6: 518 daAuts
     D:5: 508 daAuts
